 Dungeon Crawl Stone Soup version 0.22-a0-305-gd21a89c (webtiles) character file.

91 Sergey the Insei (level 4, 0/28 HPs)
             Began as a Tengu Monk on Mar 29, 2018.
             Slain by a scorpion (8 damage)
             ... on level 4 of the Dungeon.
             The game lasted 00:06:13 (959 turns).

Sergey the Insei (Tengu Monk)                        Turns: 959, Time: 00:06:13

Health: 0/28       AC:  6    Str: 12    XL:     4   Next: 59%
Magic:  14/14      EV: 12    Int: 11    God:
Gold:   120        SH:  0    Dex: 18    Spells: 3/3 levels left

rFire    . . .     SeeInvis .     - Unarmed
rCold    . . .     Gourm    .   (no shield)
rNeg     . . .     Faith    .   h - +1 ring mail
rPois    .         Spirit   .   (helmet restricted)
rElec    .         Reflect  .   (no cloak)
rCorr    .         Harm     .   (no gloves)
MR       .....                  (boots unavailable)
Stlth    ++........             (no amulet)
HPRegen  0.09/turn              d - ring of magical power
MPRegen  0.14/turn              c - +2 ring of dexterity

@: no status effects
A: beak, talons 3
a: no special abilities


You were on level 4 of the Dungeon.
You were not hungry.

You visited 1 branch of the dungeon, and saw 5 of its levels.

You collected 120 gold pieces.

Inventory:

Missiles
 e - 19 sling bullets
 j - 17 arrows
 n - 17 bolts
Armour
 a - a +0 robe
 h - a +1 ring mail (worn)
Jewellery
 c - a +2 ring of dexterity (right hand)
 d - a ring of magical power (left hand)
 k - an uncursed ring of fire
Scrolls
 l - a scroll of remove curse {unknown}
 o - a scroll of identify {unknown}
Comestibles
 b - 5 rations


   Skills:
 + Level 3.6 Fighting
 + Level 4.0 Dodging
 - Level 2.0 Stealth
 * Level 4.7 Unarmed Combat


You had 3 spell levels left.
You didn't know any spells.

Dungeon Overview and Level Annotations

Branches:
Dungeon (5/15)
 Temple: D:4-7

Altars:
Elyvilon
Kikubaaqudgha
Nemelex Xobeh
Wu Jian
Yredelemnul


Innate Abilities, Weirdness & Mutations

You have a beak for a mouth.
You have claws for feet.


Message History

You hit the scorpion but do no damage.
You peck the scorpion, but do no damage.
The scorpion barely misses you.
You aren't carrying any potions.
Unknown command.
As you read the scroll labeled OCLODD VOONIPN, it crumbles to dust.
You assume a fearsome visage.
The scorpion looks frightened!
It was a scroll of fear.
Things that are here:
a mace; a ring mail You hit the scorpion.
Your attack snaps the scorpion out of its fear.
You claw the scorpion.
The scorpion is moderately wounded.
The scorpion stings you but does no damage.
Your ring mail prevents you from hitting the scorpion.
Your kick misses the scorpion.
The scorpion is moderately wounded.
The scorpion stings you!
You die...

.## ..## ...##
###### #...######.#
#....# .##........#
##..## ...#...######
##.#
....#....#..######)#
.....#.........##..#
.....###........#@.#
..... ##.......s.##
##### ###.....###
##...## #####


You could see a scorpion.

Vanquished Creatures
  A hound (D:4)
  An adder (D:3)
  2 leopard geckos
  6 orcs
  3 bats
  A giant cockroach (D:3)
  4 goblins
  3 hobgoblins
  7 jackals
  2 quokkas (D:3)
  A ball python (D:2)
  2 frilled lizards
  4 kobolds
  2 rats
39 creatures vanquished.

Notes
Turn   | Place    | Note
-------+----------+-------------------------------------------
     0 | D:1      | Sergey the Tengu Monk began the quest for the Orb.
     0 | D:1      | Reached XP level 1. HP: 14/14 MP: 2/2
    97 | D:1      | Reached XP level 2. HP: 10/19 MP: 3/3
   467 | D:2      | Found a basalt altar of Yredelemnul.
   467 | D:2      | Found a sparkling altar of Nemelex Xobeh.
   467 | D:2      | Found an ancient bone altar of Kikubaaqudgha.
   509 | D:2      | Found a white marble altar of Elyvilon.
   609 | D:2      | Reached XP level 3. HP: 23/23 MP: 4/4
   768 | D:3      | Found an ornate altar of the Wu Jian Council.
   801 | D:3      | Reached XP level 4. HP: 15/28 MP: 5/5
   833 | D:5      | Entered Level 5 of the Dungeon
   959 | D:4      | Slain by a scorpion

Vault maps used:
D:1:      mushboom_english_gardens, bh_walls_and_bars
D:2:      gammafunk_temple_overflow_forgotten, elyvilon_altar_4
D:3:      old_standard_altar, nicolae_ru_awakened_eye
D:4:      led_sif_book
D:5:      first_ration, uniq_eustachio

Skill      XL: |  1  2  3  4 |
---------------+-------------+-----
Unarmed Combat | 4 |  4.7
Dodging        | 4 |  4.0
Fighting       | |  3.6
Stealth        | |  2.0

Action                   |  1- 3 |  4- 6 || total
-------------------------+-------+-------++-------
Melee: Unarmed           |    81 |    15 ||    96
       Kick              |    19 |     4 ||    23
       Peck              |     7 |     3 ||    10
       Punch             |     1 |       ||     1
  Use: Scroll            |       |     3 ||     3
       Potion            |       |     1 ||     1
 Stab: Sleeping          |     1 |       ||     1
Armor: Robe              |     1 |       ||     1
       Ring mail         |    18 |     4 ||    22
Dodge: Dodged            |    51 |     7 ||    58

Table legend:
 A = Spawn XP
 B = Non-spawn XP
 C = Spawn XP percentage of total XP
 D = Spawn monster count
 E = Non-spawn monster count
 F = Spawn count percentage of total count
 G = Total turns spent on level
                    A         B        C        D         E        F      G
               +---------+---------+-------+---------+---------+-------+---------
         Total |       0 |     131 |   0.0 |       0 |      39 |   0.0 |   959
               +---------+---------+-------+---------+---------+-------+---------
           D:1 |       0 |      24 |   0.0 |       0 |      13 |   0.0 |   364
           D:2 |       0 |      16 |   0.0 |       0 |      10 |   0.0 |   307
           D:3 |       0 |      43 |   0.0 |       0 |      14 |   0.0 |   137
           D:4 |       0 |      48 |   0.0 |       0 |       2 |   0.0 |   149
               +---------+---------+-------+---------+---------+-------+---------
